 Dungeon Crawl Stone Soup version 0.29-a0-919-gd064cfad1c (webtiles) character file.

Game seed: 10671127079720006753

121 concernfroge the Trooper (level 4, -9/39 HPs)
             Began as a Mummy Monk on July 26, 2022.
             Killed by divine providence
             ... invoked by an orc priest
              (11 damage)
             ... on level 4 of the Dungeon.
             The game lasted 00:07:39 (2512 turns).

concernfroge the Trooper (Mummy Monk)               Turns: 2512, Time: 00:07:39

Health: -9/39      AC:  6    Str: 16    XL:     4   Next: 77%
Magic:  4/4        EV: 14    Int:  9    God:
Gold:   72         SH:  0    Dex: 14    Spells: 3/3 levels left

rFire   x . .      SeeInvis .   a - +3 spear
rCold   + . .      Faith    .   (no shield)
rNeg    + + +      Spirit   .   i - +0 scale mail
rPois   ∞          Reflect  .   (no helmet)
rElec   .          Harm     .   (no cloak)
rCorr   +          Rampage  .   (no gloves)
Will    .....                   (no boots)
Stlth   ..........              (no amulet)
HPRegen 0.13/turn               d - ring of resist corrosion
MPRegen 0.09/turn               e - +4 ring of evasion

@: no status effects
A: cold resistance 1, negative energy resistance 3, torment resistance 2, heat
vulnerability 1, in touch with death 1, no potions
a: no special abilities


You were on level 4 of the Dungeon.
You visited 1 branch of the dungeon, and saw 4 of its levels.

You collected 72 gold pieces.

Inventory:

Hand Weapons
 a - a +3 spear (weapon)
Missiles
 j - 4 boomerangs (quivered)
Armour
 i - a +0 scale mail (worn)
Jewellery
 d - a ring of resist corrosion (left hand)
 e - a +4 ring of evasion (right hand)
 h - a ring of see invisible


   Skills:
 + Level 5.6 Fighting
 - Level 2.4 Polearms
 - Level 2.4 Dodging
 - Level 1.5 Stealth


You had 3 spell levels left.
You didn't know any spells.
Your spell library contained the following spells:

 Spells                   Type           Power      Damage    Failure   Level
 Foxfire                  Conj/Fire      0%         2x1d4     83%         1
 Conjure Flame            Conj/Fire      0%         6-21      99%         3
 Inner Flame              Hex/Fire       0%         N/A       99%         3
 Flame Wave               Conj/Fire      0%         2d4       100%        4


Dungeon Overview and Level Annotations

Branches:
Dungeon (4/15)
 Temple: D:4-7

Altars:

Annotations:
D:2 Sigmund
D:3 1 transporter, Natasha


Innate Abilities, Weirdness & Mutations

You are immune to poison.
Your flesh is cold resistant. (rC+)
You are immune to negative energy. (rN+++)
You are immune to unholy pain and torment.
You are vulnerable to heat. (rF-)
You are in touch with the powers of death.
You do not drink.


Message History

There is a stone staircase leading down here.
An orc and an orc wizard come into view.
The orc wizard is wielding a +1 dagger of protection.
The orc shouts!
The orc wizard shouts!
You hear a shout!
An orc priest comes into view. It is wielding a +0 hand axe.
The orc moves out of view.
A howler monkey comes into view.
The howler monkey howls!
You hear a shout!
The orc priest looks braver for a moment.
You hear a bark!
You reach to attack!
You hit the orc wizard but do no damage.
You hit the orc wizard but do no damage.
The orc wizard hits you with a +1 dagger of protection.
You completely miss the orc wizard.
The orc wizard hits you with a +1 dagger of protection.
The howler monkey hoots and howls with incredible vigour!
You hear a bark!
You hear an angry hiss.
You hear a shout! x4
You hit the orc wizard.
The orc wizard is moderately wounded.
The orc wizard hits you with a +1 dagger of protection.
You hit the orc wizard.
The orc wizard is heavily wounded.
The orc wizard gestures at you while chanting.
The magic dart hits you.
You barely miss the orc wizard.
The orc wizard is heavily wounded.
The orc wizard casts a spell at you. The puff of flame hits you.
The fire burns you terribly!
The orc priest mumbles some strange prayers to Beogh against you.
Beogh smites you!
* * * LOW HITPOINT WARNING * * *
The orc wizard casts a spell at you. The magic dart hits you!
* * * LOW HITPOINT WARNING * * *
The howler monkey hoots and howls with incredible vigour!
You hear a bark!
You hear a shout!
The orc priest invokes the aid of Beogh against you.
Beogh smites you!
You die...

## ### #.. .. #.. ... . ###
#.# #o# .# ###.### #.# #.# .#
#.....# ##.###.#..#
#.###.#####...##.#..##.. #.#
#......@.oo.o.......
#.###.#####...##h#####.
#.....# ##.###.# #.#.###
#.#>..####
######.#.########...........#
..)....#.........##.#..<.....
################.##.#.#######
#.##.#.# #.##....


You could see a howler monkey, an orc priest, an orc wizard and an orc.

Vanquished Creatures
  Robin (D:3)
  5 adders
  A worm (D:2)
  A dart slug (D:2)
  3 bats
  4 endoplasms
  3 giant cockroaches
  6 goblins
  9 hobgoblins
  4 jackals
  4 quokkas
  4 ball pythons
  A frilled lizard (D:1)
  7 kobolds
  4 rats
57 creatures vanquished.

Notes
Turn   | Place    | Note
-------+----------+-------------------------------------------
     0 | D:1      | concernfroge the Mummy Monk began the quest for the Orb.
     0 | D:1      | Reached XP level 1. HP: 18/18 MP: 1/1
   324 | D:1      | Reached XP level 2. HP: 24/24 MP: 2/2
   752 | D:1      | Reached skill level 4 in Fighting
  1007 | D:2      | Gained mutation: You are in touch with the powers of death.
                  | [Mummy growth]
  1007 | D:2      | Reached XP level 3. HP: 27/30 MP: 3/3
  1488 | D:2      | Reached skill level 5 in Fighting
  1488 | D:2      | Reached XP level 4. HP: 39/39 MP: 4/4
  1725 | D:2      | Noticed Sigmund
  1925 | D:3      | Noticed Robin
  1938 | D:3      | Noticed Natasha
  1960 | D:3      | Killed Robin
  1970 | D:3      | Found a transporter.
  1975 | D:3      | Found a faded altar of an unknown god.
  2512 | D:4      | Killed from afar by an orc priest

Illustrated notes

Levels and vault maps discovered:
D:1:      grunt_arrival_lava_bath, layout_basic, minmay_cut_off
D:2:      layout_basic, uniq_sigmund
D:3:      gammafunk_wand_slinger, layout_loops_ring, kennysheep_vampire_church,
          portal_sewer_entry_a, basic_ecumenical_altar,
          nicolae_elevator_lobby_asterisk, uniq_natasha, uniq_robin
D:4:      layout_loops_ring, minmay_temple_entry_junction, uniq_edmund

Skill      XL: |  1  2  3 |
---------------+----------+-----
Fighting       | 4 5 |  5.6
Polearms       | |  2.4
Dodging        | |  2.4
Stealth        | |  1.5

Action                   |  1- 3 |  4- 6 || total
-------------------------+-------+-------++-------
Melee: Spear             |   160 |    79 ||   239
       Punch             |     2 |       ||     2
Throw: Boomerang         |    20 |     5 ||    25
  Use: Scroll            |       |     8 ||     8
 Stab: Sleeping          |     3 |       ||     3
Armor: Ring mail         |    24 |       ||    24
       Robe              |     2 |       ||     2
       Scale mail        |    11 |    27 ||    38
Dodge: Dodged            |    90 |    70 ||   160

Table legend: (Time is in decaauts)
 A = Elapsed time spent in this place.
 B = Non-inter-level travel time spent in this place.
 C = Inter-level travel time spent in this place.
 D = Time resting spent in this place.
 E = Time spent auto-exploring this place.
 F = Levels seen in this place.
 G = Mean time per level.
                   A        B        C        D        E       F      G
               +--------+--------+--------+--------+--------+-----+--------+
         Total |   2513 |   2341 |    172 |    313 |   1527 |   4 |  628.2 |
       Dungeon |   2513 |   2341 |    172 |    313 |   1527 |   4 |  628.2 |
               +--------+--------+--------+--------+--------+-----+--------+

Top non-repeatable levels by time:
     D:1: 1235 daAuts
     D:2: 953 daAuts
     D:3: 262 daAuts
     D:4: 61 daAuts
